 Dungeon Crawl Stone Soup version 0.30-a0-540-g0af01429fa (webtiles) character file.

Game seed: 3097806309531171704

2469 Khashishi the Digger (level 9, -11/65 HPs)
             Began as a Formicid Earth Elementalist on Dec 25, 2022.
             Was an Initiate of Ru.
             Mangled by a large slime creature (35 damage)
             ... on level 7 of the Dungeon on Dec 26, 2022.
             The game lasted 00:41:25 (5994 turns).

Khashishi the Digger (Formicid Earth Elementalist)  Turns: 5994, Time: 00:41:26

Health: -11/65     AC:  7    Str: 20    XL:     9   Next: 80%
Magic:  14/16      EV: 10    Int: 16    God:    Ru [......]
Gold:   359        SH:  7    Dex: 14    Spells: 5/18 levels left

rFire   + . .      SeeInvis +    q - +8 great mace "Facsis" {vorpal, Str+6}
rCold   + + .      Faith    .    B - +2 buckler of the Endless Mouths {rF++ rC+ rN+ Int-2}
rNeg    + . .      Spirit   .    p - +0 scale mail
rPois   +          Reflect  .    (helmet unavailable)
rElec   .          Harm     .    v - scarf {shadows}
rCorr   .          Rampage  .    m - +2 pair of gloves
Will    .....                    f - +0 pair of boots
Stlth   +                        j - amulet of the acrobat
HPRegen 0.30/turn                r - ring "Gecloi" {Ice rPois Str+2 Int-2}
MPRegen 0.15/turn                (no ring)

@: mighty, wereblooded, corroded
A: permanent stasis, dig shafts and tunnels, antennae 3, four strong arms
a: Dig, Shaft Self, Renounce Religion


You were on level 7 of the Dungeon.
You worshipped Ru.
Ru was noncommittal.
You visited 2 branches of the dungeon, and saw 8 of its levels.

You collected 447 gold pieces.
You spent 88 gold pieces at shops.

Inventory:

Hand Weapons
 a - the +5 hammer of Roqiowari {freeze, Dex+5}
   (You found it on level 3 of the Dungeon)

   It freezes those it strikes, dealing additional cold damage.
   It can also slow down cold-blooded creatures.
   Dex:       It affects your dexterity (+5).
 b - a +4 dagger of draining
 q - the +8 great mace "Facsis" (weapon) {vorpal, Str+6}
   (You found it on level 7 of the Dungeon)

   It inflicts extra damage upon your enemies.
   Str:       It affects your strength (+6).
Missiles
 i - 3 silver boomerangs
Armour
 f - a +0 pair of boots (worn)
 m - a +2 pair of gloves (worn)
 p - a +0 scale mail (worn)
 v - a scarf of shadows (worn)
 B - the +2 buckler of the Endless Mouths (worn) {rF++ rC+ rN+ Int-2}
   (You found it on level 4 of the Dungeon)

   Int:       It affects your intelligence (-2).
   rF:        It greatly protects you from fire.
   rC:        It protects you from cold.
   rN:        It protects you from negative energy.
Magical Staves
 c - a staff of poison
Jewellery
 j - an amulet of the acrobat (around neck)
 r - the ring "Gecloi" (left hand) {Ice rPois Str+2 Int-2}
   (You found it on level 2 of the Dungeon)

   [ring of ice]

   It enhances your ice magic.
   Str:       It affects your strength (+2).
   Int:       It affects your intelligence (-2).
   rF:        It makes you vulnerable to fire.
   rC:        It protects you from cold.
   rPois:     It protects you from poison.
Scrolls
 e - 2 scrolls of magic mapping
 g - 4 scrolls of amnesia
 k - a scroll of brand weapon
 n - a scroll of identify
Potions
 d - a potion of degeneration {unknown}
 h - 3 potions of curing
 o - 3 potions of heal wounds
 t - 3 potions of magic
 w - a potion of cancellation {unknown}
 A - a potion of mutation


   Skills:
 - Level 4.1 Fighting
 - Level 1.5 Short Blades
 + Level 3.8 Maces & Flails
 - Level 4.2 Armour
 - Level 1.7 Dodging
 - Level 3.0 Stealth
 + Level 5.3 Shields
 + Level 5.2 Spellcasting
 + Level 2.2 Conjurations
 + Level 5.0 Transmutations
 + Level 6.7 Earth Magic
 - Level 3.0 Evocations


You had 5 spell levels left.
You knew the following spells:

 Your Spells              Type           Power      Damage    Failure   Level
a - Sandblast             Erth           50%        2d12      3%          1
b - Passwall              Tmut/Erth      19%        N/A       7%          2
c - Petrify               Tmut/Erth      23%        N/A       41%         4
d - Stone Arrow           Conj/Erth      36%        3d9       24%         3
w - Wereblood             Tmut           20%        N/A       10%         2
B - Beastly Appendage     Tmut           40%        N/A       6%          1

Your spell library contained the following spells:

 Spells                   Type           Power      Damage    Failure   Level
 Magic Dart               Conj           44%        1d5       21%         1
 Spider Form              Tmut/Pois      12%        N/A       45%         3
 Call Imp                 Summ           4%         N/A       58%         2
 Mephitic Cloud           Conj/Pois/Air  6%         N/A       73%         3
 Gell's Gravitas          Tloc           4%         N/A       83%         3
 Inner Flame              Hex/Fire       4%         N/A       83%         3
 Portal Projectile        Hex/Tloc       8%         N/A       83%         3
 Teleport Other           Tloc           4%         N/A       83%         3
 Tukima's Dance           Hex            4%         N/A       83%         3
 Blade Hands              Tmut           10%        N/A       86%         5
 Cause Fear               Hex            2%         N/A       99%         4
 Freezing Cloud           Conj/Ice/Air   4%         6-21      100%        5
 Lightning Bolt           Conj/Air       3%         1d15      100%        5
 Dispersal                Tloc           2%         N/A       100%        6
 Discord                  Hex            2%         N/A       100%        8


Dungeon Overview and Level Annotations

Branches:
Dungeon (7/15)             Temple (1/1) D:7

Altars:
Ashenzari
Elyvilon
Hepliaklqana
Kikubaaqudgha
Makhleb
Nemelex Xobeh
Qazlal
Ru
Sif Muna
Trog
Uskayaw
Vehumet
Wu Jian
Xom
Zin
The Shining One

Shops:
D:5 [!   D:7 *


Innate Abilities, Weirdness & Mutations

You cannot be hasted, slowed, berserked, paralysed or teleported.
You can dig through walls and to a lower floor.
You have a pair of large antennae on your head. (SInv)
Your four strong arms can wield two-handed weapons with a shield.


Message History

You sock the scorpion!
You kill the scorpion!
An acid dragon comes into view.
You see here a scorpion corpse.
Your talons disappear.
Your +0 pair of boots unmelds from your body.
The acid dragon roars!
A slime creature comes into view.
The acid dragon completely misses you.
The acid dragon claws you but does no damage.
The slime creature quivers.
You bludgeon the acid dragon!!
The acid dragon is severely wounded.
You howl as the wereblood boils in your veins!
The acid dragon spits acid at you. The splash of acid hits you!
The acid corrodes you! The acid dragon barely misses you.
The acid dragon claws you but does no damage.
You hit the acid dragon but do no damage.
The acid dragon is severely wounded.
A centaur comes into view.
Two slime creatures merge to form a large slime creature.
You aren't carrying any items that you can evoke.
Okay, then.
Unknown command.
You see here a scorpion corpse.
You feel very mighty all of a sudden.
Casting: Wereblood (safe; 10% risk of failure)
Confirm with . or Enter, or press ? or * to list all spells.
Aiming: Sandblast (safe; 3% risk of failure)
Press: ? - help, Shift-Dir - straight line, f - large slime creature
Aim: a large slime creature (96% to hit)
The blast of sand hits the large slime creature!
The large slime creature is lightly wounded.
You howl as the wereblood boils in your veins!
You bludgeon the large slime creature!!
The large slime creature is moderately wounded.
The large slime creature hits you!! x2
Ouch! That really hurt!
You die...

.....(...# #......# #..........#
.........# #......####...#.#....
.........# #........##...#.######
.........# #.....##..#...#.......
.######### #########.#...########
..# ####.. #.#...# #.# #..cD♣
#.....##### #.# { { #J♣
####.#....#### #.# { ######@♣.#
##......)... #.#
#.)).....###........... #.# ###
#.#########............ #.# ♣.♣
♣♣.♣♣ ♣.♣♣#........#### #.# ♣.♣
#♣.≈.♣# ♣♣.♣#.####..##... #.# ♣.♣
#.≈≈≈.#♣♣.♣♣#.#####'##...
#.#♣♣.♣♣#.≈≈≈.#♣.♣♣♣#.##.........
#.#♣...♣#.≈≈≈.#♣[..♣#.##.........
#.#.....#.≈~≈.#.###.#.##..~..~~..


You could see a large slime creature, an acid dragon and a centaur.

Vanquished Creatures
  2 steam dragons
  A water moccasin (D:7)
  Duvessa (D:7)
  An orc warrior (D:7)
  3 ice beasts
  2 black bears
  An ogre (D:5)
  A phantom (D:4)
  A bullfrog (D:7)
  A necrophage (D:6)
  3 scorpions (D:7)
  Dowan (D:7)
  2 electric eels (D:7)
  2 howler monkeys (D:5)
  2 jellies
  Crazy Yiuf (D:3)
  5 hounds
  3 orc priests
  3 iguanas
  A gnoll bouda (D:7)
  6 orc wizards
  3 adders
  4 shadow imps
  2 white imps
  4 worms
  2 dart slugs
  18 orcs
  7 bats
  2 endoplasms
  6 giant cockroaches
  3 hobgoblins
  10 quokkas
  15 ball pythons
  3 frilled lizards
  4 goblins
  8 kobolds
  6 rats
140 creatures vanquished.

Vanquished Creatures (others)
  A bullfrog (D:7)
  5 plants (D:7)
6 creatures vanquished.

Grand Total: 146 creatures vanquished

Notes
Turn   | Place    | Note
-------+----------+-------------------------------------------
     0 | D:1      | Khashishi the Formicid Earth Elementalist began the quest
                  | for the Orb.
     0 | D:1      | Reached XP level 1. HP: 13/13 MP: 3/3
   285 | D:1      | Reached XP level 2. HP: 19/19 MP: 1/5
   290 | D:1      | Learned a level 2 spell: Passwall
   430 | D:1      | Got the Dissertation on the Atmosphere
   451 | D:1      | Reached skill level 4 in Earth Magic
   475 | D:1      | Reached XP level 3. HP: 25/25 MP: 6/6
   583 | D:1      | Reached skill level 1 in Fighting
   583 | D:1      | Reached skill level 1 in Armour
  1454 | D:2      | Identified the ring "Gecloi" {Ice rPois Str+2 Int-2}
  1471 | D:2      | Reached XP level 4. HP: 32/32 MP: 4/7
  1596 | D:2      | Learned a level 4 spell: Petrify
  1704 | D:2      | Reached skill level 1 in Short Blades
  1711 | D:2      | Reached XP level 5. HP: 29/38 MP: 3/9
  2127 | D:3      | Found a hide-covered altar of Uskayaw.
  2206 | D:3      | You fall into a shaft and drop 2 floors!
  2206 | D:5      | Entered Level 5 of the Dungeon
  2242 | D:4      | Noticed an ice beast
  2405 | D:3      | Found an ancient bone altar of Kikubaaqudgha.
  2415 | D:3      | Reached XP level 6. HP: 39/44 MP: 6/10
  2514 | D:3      | Reached skill level 1 in Shields
  2524 | D:3      | Found a runed translucent door.
  2525 | D:3      | Noticed Crazy Yiuf
  2533 | D:3      | Killed Crazy Yiuf
  2548 | D:3      | Identified the +5 hammer of Roqiowari {freeze, Dex+5}
  2984 | D:4      | Noticed a black bear
  3078 | D:4      | Identified the +2 buckler of the Endless Mouths {rF++ rC+
                  | rN+ Int-2}
  3176 | D:4      | Reached XP level 7. HP: 48/51 MP: 9/12
  3181 | D:4      | Reached skill level 1 in Maces & Flails
  3181 | D:4      | Reached skill level 1 in Evocations
  3234 | D:4      | Reached skill level 5 in Earth Magic
  3443 | D:5      | Found Ithio's Antique Armour Shoppe.
  3519 | D:5      | Found Osithrug's Distillery.
  3526 | D:5      | Bought a potion of heal wounds for 55 gold pieces
  3526 | D:5      | Bought a potion of curing for 33 gold pieces
  3532 | D:5      | Learned a level 1 spell: Beastly Appendage
  3535 | D:5      | Learned a level 2 spell: Wereblood
  3578 | D:5      | Found a glowing silver altar of Zin.
  3578 | D:5      | Found a white marble altar of Elyvilon.
  3578 | D:5      | Found a glowing golden altar of the Shining One.
  3617 | D:5      | Reached XP level 8. HP: 24/58 MP: 11/13
  4150 | D:5      | Found a stormy altar of Qazlal.
  4348 | D:6      | Found a hazy altar of Hepliaklqana.
  4528 | D:6      | Found a radiant altar of Vehumet.
  4784 | D:7      | Reached XP level 9. HP: 48/65 MP: 15/15
  4796 | D:7      | Learned a level 3 spell: Stone Arrow
  4822 | D:7      | Noticed Dowan
  4823 | D:7      | Noticed Duvessa
  4830 | D:7      | Killed Duvessa
  4836 | D:7      | Killed Dowan
  4880 | D:7      | Found Upsixzel's Neck Hole.
  5040 | D:7      | Reached skill level 6 in Earth Magic
  5051 | D:7      | Reached skill level 1 in Conjurations
  5179 | D:7      | Reached skill level 5 in Spellcasting
  5200 | D:7      | Found a broken altar of Ashenzari.
  5222 | D:7      | Found a staircase to the Ecumenical Temple.
  5230 | Temple   | Entered the Ecumenical Temple
  5377 | Temple   | Became a worshipper of Ru the Awakened
  5399 | D:7      | Found a shimmering blue altar of Sif Muna.
  5403 | D:7      | Identified the +8 great mace "Facsis" {vorpal, Str+6}
  5416 | D:7      | Reached skill level 5 in Shields
  5854 | D:7      | Reached skill level 5 in Transmutations
  5988 | D:7      | Noticed a slime creature
  5994 | D:7      | Mangled by a large slime creature

Illustrated notes

Levels and vault maps discovered:
D:1:      lightli_arrival_statue_moat, layout_loops_corners,
          minmay_misc_feat_tower, minmay_tromino_i4
D:2:      layout_basic, st_stairs_12
D:3:      layout_rooms, general_overflow_altar, mainiacjoe_overflow_boulevard,
          kennysheep_generic_room_10, uniq_crazy_yiuf_cottage
D:4:      layout_basic, roderic_serpentine_path
D:5:      layout_basic, good_gods_mini_temple, mainiacjoe_overflow_chevrons,
          serial_shops, nicolae_shop_crystal, shop, minmay_misc_feat_square
D:6:      layout_loops_ring, nicolae_hepliaklqana_hazy_memory,
          fiery_altar_vehumet
D:7:      nzn_winding_woodlands_three_and_one
          [nzn_winding_woodlands_5x15_garden,
          nzn_winding_woodlands_5x15_river_crossing,
          nzn_winding_woodlands_5x15_cabin, nzn_winding_woodlands_center_lodge],
          layout_basic, kennysheep_mini, nicolae_overflow_quartered_altars,
          mainiacjoe_overflow_catch_the_wave, minmay_temple_entry_overgrown,
          nicolae_shop_sticking_my_neck_out, uniq_duvessa
Temple:   hellmonk_temple_flake

Skill      XL: |  1  2  3  4  5  6  7  8  9 |
---------------+----------------------------+-----
Earth Magic    | 4 5 6 |  6.7
Fighting       | 1 2 3 4 |  4.1
Armour         | 1 2 3 4 |  4.2
Short Blades   | 1 |  1.5
Transmutations | 2 3 4 5 |  5.0
Spellcasting   | 3 4 5 |  5.2
Shields        | 1 2 3 5 |  5.3
Stealth        | 3 |  3.0
Maces & Flails | 1 2 3 |  3.8
Evocations     | 1 2 3 |  3.0
Conjurations   | 2 |  2.2
Dodging        | |  1.7

Action                   |  1- 3 |  4- 6 |  7- 9 || total
-------------------------+-------+-------+-------++-------
Melee: Unarmed           |     5 |       |       ||     5
       Club              |     2 |       |       ||     2
       Short sword       |   104 |    86 |       ||   190
       Dagger            |     1 |       |       ||     1
       Punch             |     1 |       |       ||     1
       Mace              |       |    35 |   144 ||   179
       Great mace        |       |       |    15 ||    15
 Cast: Sandblast         |    19 |    41 |    33 ||    93
       Beastly Appendage |       |       |     3 ||     3
       Wereblood         |       |       |     1 ||     1
Evoke: Wand              |       |     1 |    13 ||    14
  Use: Scroll            |       |       |    15 ||    15
       Potion            |       |       |     4 ||     4
 Stab: Sleeping          |       |       |     3 ||     3
       Distracted        |       |       |     1 ||     1
Armor: Robe              |     4 |       |       ||     4
       Chain mail        |    42 |       |       ||    42
       Scale mail        |     8 |    37 |    58 ||   103
       Skin              |       |       |    29 ||    29
Dodge: Dodged            |    52 |    49 |    53 ||   154
Block: Buckler           |       |     5 |    65 ||    70

Table legend: (Time is in decaauts)
 A = Elapsed time spent in this place.
 B = Non-inter-level travel time spent in this place.
 C = Inter-level travel time spent in this place.
 D = Time resting spent in this place.
 E = Time spent auto-exploring this place.
 F = Levels seen in this place.
 G = Mean time per level.
                   A        B        C        D        E       F      G
               +--------+--------+--------+--------+--------+-----+--------+
         Total |   6100 |   5874 |    226 |    649 |   2518 |   8 |  762.5 |
       Dungeon |   5943 |   5717 |    226 |    649 |   2391 |   7 |  849.0 |
        Temple |    156 |    156 |      0 |      0 |    127 |   1 |  156.0 |
               +--------+--------+--------+--------+--------+-----+--------+

Top non-repeatable levels by time:
     D:1: 1158 daAuts
     D:7: 1146 daAuts
     D:5: 1039 daAuts
     D:2: 789 daAuts
     D:4: 733 daAuts
     D:3: 572 daAuts
     D:6: 503 daAuts
  Temple: 156 daAuts
